 Dungeon Crawl Stone Soup version 0.17-b1-15-g0f5fb43 (webtiles) character file.

190 4thArraOfDagon the Chopper (level 5, -3/45 HPs)
             Began as a Minotaur Summoner on Nov 2, 2015.
             Slain by a troll (8 damage)
             ... on level 4 of the Dungeon.
             The game lasted 00:07:12 (1277 turns).

4thArraOfDagon the Chopper (Minotaur Summoner)      Turns: 1277, Time: 00:07:12

Health: -3/45      AC: 11    Str: 13    XL:     5   Next: 41%
Magic:  5/5        EV:  6    Int: 13    God:
Gold:   55         SH:  0    Dex: 12    Spells: 1 memorised, 5 levels left

rFire  + . .     SeeInvis .     e - +2 hand axe (flame)
rCold  . . .     Clarity  .     q - +0 chain mail
rNeg   . . .     SustAt   .     (no shield)
rPois  .         Gourm    .     (helmet restricted)
rElec  .         Spirit   .     (no cloak)
rCorr  .         Warding  .     (no gloves)
rMut   .         Rnd*Tele +     o - +2 pair of boots
MR     .....                    (no amulet)
Stlth  ..........               (no ring)
                                g - ring of teleportation

@: not resistant to hostile enchantments, extremely unstealthy
A: retaliatory headbutt, horns 2, thin skeletal structure 1, fire resistance 1,
low mp 1
a: Evoke Teleportation


You were on level 4 of the Dungeon.
You were not hungry.

You visited 1 branch of the dungeon, and saw 5 of its levels.

You collected 55 gold pieces.

Inventory:

Hand Weapons
 e - a +2 hand axe of flaming (weapon)
 i - a cursed +0 quarterstaff
Armour
 o - a +2 pair of boots (worn)
 q - a +0 chain mail (worn)
Jewellery
 g - a ring of teleportation (left hand)
Wands
 j - a wand of magic darts (6)
Scrolls
 m - a scroll of enchant armour
Potions
 a - a potion of curing {unknown}
 h - a potion of brilliance {unknown}
 p - a potion of cure mutation {unknown}
Books
 b - a book of Callings

   Spells                             Type                      Level
   a - Summon Small Mammal            Summoning                    1
   b - Call Imp                       Summoning                    2
   c - Call Canine Familiar           Summoning                    3
   d - Summon Guardian Golem          Hexes/Summoning              3
   e - Summon Lightning Spire         Summoning/Air                4
   f - Summon Ice Beast               Ice/Summoning                4
Comestibles
 c - 3 bread rations
 f - a meat ration
 n - 3 chunks of flesh


   Skills:
 + Level 3.6 Fighting
 * Level 4.3 Axes
 + Level 2.8 Dodging
 - Level 1.5 Stealth
 - Level 0.4 Unarmed Combat
 - Level 1.3 Spellcasting
 - Level 2.9 Summonings


You had 5 spell levels left.
You knew the following spells:

 Your Spells              Type           Power        Failure   Level  Hunger
a - Summon Small Mammal   Summ           #...         100%        1    ##.....


Dungeon Overview and Level Annotations

Branches:
Dungeon (5/15)
 Temple: D:4-7

Altars:
Dithmenos
Gozag

Annotations:
D:5 Menkaure; Sigmund


Innate Abilities, Weirdness & Mutations

You reflexively headbutt those who attack you in melee.
You have a pair of horns on your head.
You have a somewhat thin skeletal structure (Dex +2, Stealth).
Your flesh is heat resistant.
Your magical capacity is low (-10% MP).


Message History

g - a ring of teleportation (left hand)
You fail to use your ability.
The troll bites you! The troll barely misses you. The troll claws you.
* * * LOW HITPOINT WARNING * * *
You fail to use your ability.
The troll bites you but does no damage. The troll claws you but does no damage.
The troll claws you!
* * * LOW HITPOINT WARNING * * *
Unknown command.
Unknown command.
Unknown command.
Unknown command.
The hound barks!
Drink which item? (? for menu, Esc to quit)
Okay, then.
Drink which item? (? for menu, Esc to quit)
It was a potion of mutation.
You feel extremely strange.
You feel resistant to heat.
Your bones become slightly less dense.
You feel less energetic. The troll bites you!
You die...

###.#.###....#.†.....#....###.#[
##.#....##.#..#.......#.....#..>#
#....#.#.#.####.....).##....#..##
...........#####††...###....#..##
#....#.#.#....###[..## ###..#....
##.##...#.....####'########.#..##
#.###)##.##.##.............##.##
#.# #.##.##.##..)..........#....
#.# #<.......#.@...........##.##
#.# ###.....##T########+########
#.# #..#####h.### ##### #. #..#
#....# #.... #..### #....## #####
#....# #...h.# ##.## ##.#.#
##....# #.#.# #.#.# #....# ####h
#####.#.# ###..# #..##


You could see a troll and a hound.

Vanquished Creatures
  A giant frog skeleton (D:4)
  Natasha (thrice) (D:4)
  Robin (D:2)
  5 adders
  An ooze (D:2)
  An adder skeleton (D:4)
  The ghost of 4thArraOfDagon the Caller, a weakling MiSu (D:4)
  A worm (D:2)
  3 giant geckos
  4 orcs (D:4)
  3 giant cockroaches
  17 goblins
  2 hobgoblins (D:1)
  A jackal (D:4)
  A quokka (D:4)
  A ball python (D:4)
  6 bats
  A giant newt (D:1)
  A jackal skeleton (D:4)
  2 kobolds (D:2)
  4 rats
60 creatures vanquished.

Notes
Turn   | Place    | Note
--------------------------------------------------------------
     0 | D:1      | 4thArraOfDagon the Minotaur Summoner began the quest for the Orb.
     0 | D:1      | Reached XP level 1. HP: 14/14 MP: 1/1
    89 | D:1      | Reached skill level 1 in Fighting
   113 | D:1      | Reached XP level 2. HP: 7/23 MP: 3/3
   146 | D:2      | Reached skill level 1 in Axes
   295 | D:2      | Noticed Robin
   408 | D:3      | Reached XP level 3. HP: 22/29 MP: 4/4
   410 | D:3      | Found a shadowy altar of Dithmenos.
   625 | D:2      | Reached skill level 3 in Axes
   629 | D:2      | Reached XP level 4. HP: 32/37 MP: 5/5
   632 | D:2      | Killed Robin
   757 | D:4      | Found an opulent altar of Gozag.
   849 | D:4      | Noticed a troll
   895 | D:4      | Noticed Natasha
   903 | D:4      | Killed Natasha
   910 | D:4      | Noticed 4thArraOfDagon's ghost (weakling MiSu)
   920 | D:4      | Reached XP level 5. HP: 26/45 MP: 3/6
   930 | D:4      | Noticed Natasha
   943 | D:4      | Killed Natasha
  1011 | D:4      | Reached skill level 4 in Axes
  1046 | D:5      | Entered Level 5 of the Dungeon
  1057 | D:5      | Noticed Menkaure
  1058 | D:5      | Noticed Sigmund
  1093 | D:4      | Noticed Natasha
  1103 | D:4      | Killed Natasha
  1115 | D:4      | Killed 4thArraOfDagon's ghost
  1263 | D:4      | HP: 2/45 [troll (9)]
  1277 | D:4      | Gained mutation: Your flesh is heat resistant. [potion of mutation]
  1277 | D:4      | Gained mutation: You have a somewhat thin skeletal structure (Dex +2, Stealth). [potion of mutation]
  1277 | D:4      | Gained mutation: Your magical capacity is low (-10% MP). [potion of mutation]
  1277 | D:4      | Slain by a troll

Action                   |  1- 3 |  4- 6 || total
-------------------------+-------+-------++-------
Melee: Hand axe          |    57 |    72 ||   129
       Unarmed           |     3 |       ||     3
 Abil: Evoke Teleportati |       |     4 ||     4
  Use: Scroll            |       |     8 ||     8
       Potion            |       |     2 ||     2
 Stab: Sleeping          |     1 |       ||     1
  Eat: Chunk             |       |     4 ||     4
